 Dungeon Crawl Stone Soup version 0.31-a0-859-g9dce7d3444 (webtiles) character file.

Game seed: 7670081787563771000

91 BinkBink the Ruffian (level 4, 0/45 HPs)
             Began as a Troll Monk on Oct 10, 2023.
             Slain by an orc priest
             ... wielding a +0 club
              (4 damage)
             ... on level 3 of the Dungeon.
             The game lasted 00:02:09 (1519 turns).

BinkBink the Ruffian (Troll Monk)                   Turns: 1519, Time: 00:02:10

Health: 0/45       AC:  4    Str: 21    XL:     4   Next: 34%
Magic:  3/3        EV: 10    Int:  6    God:
Gold:   150        SH:  0    Dex: 12    Spells: 3/3 levels left

rFire   . .          .
                       - Unarmed
rCold   . . .        c - orb {light}
rNeg    . . .        a - +0 robe
rPois   .            (helmet restricted)
rElec   .            (no cloak)
rCorr   .            (gloves unavailable)
SInv    .            (boots unavailable)
Will    .....        (no amulet)
Stlth   +            (no ring)
HPRegen 1.07/turn    (no ring)
MPRegen 0.08/turn

%: no passive effects
@: confused, lethally poisoned (0 -> -7), ambrosia-drunk, glowing
A: large, unfitting armour, claws 3, regeneration 1, shaggy fur 1, tough skin 1
a: no special abilities


You were on level 3 of the Dungeon.
You visited 1 branch of the dungeon, and saw 3 of its levels.

You collected 150 gold pieces.

Inventory:

Armour
 a - a +0 robe (worn)
 c - an orb of light (worn)
 l - a +0 kite shield
Jewellery
 i - a +4 ring of protection
Talismans
 h - a talisman of death
Scrolls
 d - a scroll of fear {unknown}
 f - a scroll of fog {unknown}
 g - 3 scrolls of identify {unknown}
 k - a scroll of immolation {unknown}
 m - a scroll of poison {unknown}
Potions
 b - a potion of ambrosia
 e - 3 potions of curing {unknown}
 j - a potion of might {unknown}


   Skills:
 + Level 3.0 Fighting
 + Level 3.0 Dodging
 + Level 3.7 Unarmed Combat
 + Level 1.1 Shapeshifting


You had 3 spell levels left.
You didn't know any spells.
Your spell library contained the following spells:

 Spells                   Type           Power      Damage    Failure   Level
 Magic Dart               Conj           0%         1d3       45%         1
 Searing Ray              Conj           0%         2d4       58%         2
 Fulminant Prism          Conj/Hex       0%         3d5       99%         4


Dungeon Overview and Level Annotations

Branches:
Dungeon (3/15)

Altars:


Innate Abilities, Weirdness & Mutations

You are too large for most types of armour.
You have claws for hands.
Your natural rate of healing is unusually fast.
You are covered in fur. (AC +1)
You have tough skin. (AC +1)


Message History

An orc priest comes into view. It is wielding a +0 club.
There are monsters nearby!
There are monsters nearby!
The orc priest shouts!
An orc comes into view. It is wielding a +2 dagger of venom.
The orc shouts!
The orc hits you with a +0 hand axe.
You claw the orc!
You kill the orc!
The orc priest calls down the wrath of Beogh upon you.
Beogh smites you!
The orc throws a boomerang.
The boomerang barely misses you. The orc priest hits you with a +0 club.
The orc hits you but does no damage.
You are poisoned.
You see here a +0 hand axe.
You scratch the orc priest.
The orc priest is moderately wounded.
You feel sick. The orc priest barely misses you.
The orc hits you with a +2 dagger of venom.
You are more poisoned.
You scratch the orc priest.
The orc priest is heavily wounded.
You feel very sick.
The orc priest invokes the aid of Beogh against you.
Beogh smites you!
* * * LOW HITPOINT WARNING * * *
The orc hits you with a +2 dagger of venom.
* * * LOW HITPOINT WARNING * * *
You are lethally poisoned!
You scratch the orc priest.
The orc priest is severely wounded.
* * * LOW HITPOINT WARNING * * *
You feel very sick. The orc priest completely misses you.
The orc barely misses you.
Unknown command.
You are confused.
You feel invigorated.
* * * LOW HITPOINT WARNING * * *
You feel very sick. The orc priest hits you with a +0 club.
You die...

#.##.###.##.......##
##.##.## #. #.#
#.###.....## #.####
# #.# #.# ##...##
#.# #.# #.# ##+##
#.# #. #.# #. #.# #.
#.# ###.##### #.#
#.# #.......# #.#
..# #....##.#####.#
#..o@.........#
#..o###.#######
#...... #.# ##.#.#.
#.# # #... ..# # ##
###


You could see an orc priest and an orc.

Vanquished Creatures
  A gnoll (D:2)
  2 adders (D:2)
  A worm (D:2)
  A dart slug (D:2)
  An orc (D:3)
  4 ball pythons
  5 endoplasms
  A giant cockroach (D:1)
  8 goblins
  4 hobgoblins
  A jackal (D:2)
  4 quokkas
  6 bats
  4 frilled lizards
  5 kobolds
  8 rats
56 creatures vanquished.

Notes
Turn   | Place    | Note
-------+----------+-------------------------------------------
     0 | D:1      | BinkBink the Troll Monk began the quest for the Orb.
     0 | D:1      | Reached XP level 1. HP: 22/22 MP: 0/0
   102 | D:1      | Reached XP level 2. HP: 27/29 MP: 1/1
   786 | D:2      | Reached XP level 3. HP: 36/36 MP: 2/2
  1008 | D:2      | Reached XP level 4. HP: 43/45 MP: 3/3
  1095 | D:2      | Reached skill level 1 in Shapeshifting
  1519 | D:3      | Slain by an orc priest

Illustrated notes

Levels and vault maps discovered:
D:1:      dpeg_arrival_tiny_c, layout_basic
D:2:      layout_rooms, corexii_corridor_pit, minmay_fractal_squares_gapless_5
D:3:      layout_loops_corners, basic_ecumenical_altar, uniq_ijyb

Skill      XL: |  1  2  3  4 |
---------------+-------------+-----
Dodging        | 3 |  3.0
Fighting       | 3 |  3.0
Shapeshifting  | 1 |  1.1
Unarmed Combat | |  3.7

Action                     |  1- 3 |  4- 6 || total
---------------------------+-------+-------++-------
  Melee: Unarmed           |    83 |    22 ||   105
    Use: Potion            |       |     1 ||     1
 Armour: Robe              |    44 |    16 ||    60
  Dodge: Dodged            |    39 |    11 ||    50

Table legend: (Time is in decaauts)
 A = Elapsed time spent in this place.
 B = Non-inter-level travel time spent in this place.
 C = Inter-level travel time spent in this place.
 D = Time resting spent in this place.
 E = Time spent auto-exploring this place.
 F = Levels seen in this place.
 G = Mean time per level.
                   A        B        C        D        E       F      G
               +--------+--------+--------+--------+--------+-----+--------+
         Total |   1512 |   1391 |    121 |      0 |   1122 |   3 |  504.0 |
       Dungeon |   1512 |   1391 |    121 |      0 |   1122 |   3 |  504.0 |
               +--------+--------+--------+--------+--------+-----+--------+

Top non-repeatable levels by time:
     D:1: 779 daAuts
     D:2: 599 daAuts
     D:3: 133 daAuts
